 Dungeon Crawl Stone Soup version 0.29.1-15-g9cfb28693d (webtiles) character file.

Game seed: 9821666122536906391

140 GigaChad the Chopper (level 5, -1/45 HPs)
             Began as a Minotaur Gladiator on Mar 12, 2023.
             Slain by a lemure (3 damage)
             ... led by Pikel
             ... on level 4 of the Dungeon.
             The game lasted 00:05:18 (2833 turns).

GigaChad the Chopper (Minotaur Gladiator)           Turns: 2833, Time: 00:05:18

Health: -1/45      AC:  3    Str: 21    XL:     5   Next: 2%
Magic:  4/4        EV: 12    Int:  5    God:
Gold:   135        SH:  0    Dex: 11    Spells: 4/4 levels left

rFire   . . .      SeeInvis .   a - +0 war axe
rCold   . . .      Faith    .   (no shield)
rNeg    . . .      Spirit   .   b - +0 leather armour
rPois   .          Reflect  .   c - +0 hat
rElec   .          Harm     .   (no cloak)
rCorr   .          Rampage  .   (no gloves)
Will    .....                   (no boots)
Stlth   +.........              (no amulet)
HPRegen 0.15/turn               (no ring)
MPRegen 0.09/turn               (no ring)

@: no status effects
A: horns 2, retaliatory headbutt
a: no special abilities


You were on level 4 of the Dungeon.
You visited 1 branch of the dungeon, and saw 4 of its levels.

You collected 135 gold pieces.

Inventory:

Hand Weapons
 a - a +0 war axe (weapon)
Missiles
 d - 7 throwing nets (quivered)
 e - a javelin
Armour
 b - a +0 leather armour (worn)
 c - a +0 hat (worn)
Jewellery
 n - a +4 ring of protection
Scrolls
 f - a scroll of teleportation {unknown}
 g - a scroll of noise {unknown}
 m - 4 scrolls of identify {unknown}
 o - a scroll of silence {unknown}
Potions
 h - a potion of ambrosia {unknown}
 i - a potion of curing {unknown}
 j - a potion of flight {unknown}
 k - 3 potions of might {unknown}
 l - a potion of mutation {unknown}


   Skills:
 + Level 3.1 Fighting
 + Level 5.6 Axes
 + Level 2.0 Throwing
 + Level 1.4 Armour
 + Level 4.1 Dodging
 + Level 0.2 Stealth


You had 4 spell levels left.
You didn't know any spells.
Your spell library contained the following spells:

 Spells                   Type           Power      Damage    Failure   Level
 Sandblast                Erth           0%         2d4       52%         1
 Passwall                 Tmut/Erth      0%         N/A       67%         2
 Stone Arrow              Conj/Erth      0%         3d7       88%         3


Dungeon Overview and Level Annotations

Branches:
Dungeon (4/15)
 Temple: D:4-7

Altars:
Gozag

Annotations:
D:3 1 runed translucent door, Darius099's ghost, amateur OpBr
D:4 Pikel


Innate Abilities, Weirdness & Mutations

You have a pair of horns on your head.
You reflexively headbutt those who attack you in melee.


Message History

Pikel, Merchant of Souls comes into view.
He is wielding a +1 whip of flaming.
Pikel shouts!
The lemure hits you but does no damage. x2
You see here 15 gold pieces.
You closely miss the lemure. You hit the lemure but do no damage.
The lemure hits you. The lemure closely misses you. You furiously retaliate!
You headbutt the lemure. You closely miss the lemure.
The lemure is lightly wounded.
You hit the lemure. The lemure hits you but does no damage.
You barely miss Pikel. You hit the lemure. The lemure hits you.
The lemure barely misses you.
Pikel hits you with a +1 whip of flaming.
Pikel burns you.
You barely miss Pikel. You barely miss the lemure. The lemure hits you.
Pikel hits you with a +1 whip of flaming!
Pikel burns you.
You hit Pikel.
Pikel is lightly wounded.
You hit the lemure. Pikel hits you but does no damage.
You closely miss Pikel.
Pikel is lightly wounded.
You hit the lemure. The lemure hits you but does no damage.
Pikel hits you with a +1 whip of flaming!
Pikel burns you.
You miss Pikel. Your headbutt misses Pikel.
Pikel is lightly wounded.
You hit the lemure but do no damage. You hit the lemure. The lemure hits you.
* * * LOW HITPOINT WARNING * * *
The lemure barely misses you. Pikel misses you.
You closely miss Pikel.
Pikel is lightly wounded.
You closely miss the lemure. You hit the lemure but do no damage.
The lemure hits you!
* * * LOW HITPOINT WARNING * * *
The lemure hits you but does no damage. Pikel barely misses you.
The lemure hits you.
* * * LOW HITPOINT WARNING * * *
The lemure hits you.
You die...

## . ### #5
.5. # #. #5#
##.#.|#K#
#.....#@##
......55.#
......#..#
#..#..#..#
.#.#..#..##
..........#
...#..#...#
###..#...# #
....#...##.#


You could see Pikel and 4 lemures.

Vanquished Creatures
  An orc priest (D:3)
  3 adders (D:2)
  3 dart slugs
  2 orcs (D:3)
  12 ball pythons
  6 bats
  8 endoplasms
  6 giant cockroaches
  6 goblins
  10 hobgoblins
  3 jackals (D:3)
  A quokka (D:1)
  2 frilled lizards
  A kobold (D:1)
  2 rats (D:2)
66 creatures vanquished.

Vanquished Creatures (others)
  2 withered plants (D:3)
2 creatures vanquished.

Grand Total: 68 creatures vanquished

Notes
Turn   | Place    | Note
-------+----------+-------------------------------------------
     0 | D:1      | GigaChad the Minotaur Gladiator began the quest for the
                  | Orb.
     0 | D:1      | Reached XP level 1. HP: 18/18 MP: 0/0
   295 | D:1      | Reached XP level 2. HP: 25/25 MP: 1/1
   316 | D:1      | Reached skill level 4 in Axes
   610 | D:1      | Reached XP level 3. HP: 30/30 MP: 2/2
  1182 | D:2      | Reached skill level 5 in Axes
  1232 | D:2      | Reached XP level 4. HP: 37/37 MP: 3/3
  1854 | D:3      | Reached skill level 1 in Armour
  2080 | D:3      | Found a runed translucent door.
  2081 | D:3      | Noticed Darius099's ghost (amateur OpBr)
  2380 | D:3      | Found an opulent altar of Gozag.
  2533 | D:3      | Found a faded altar of an unknown god.
  2685 | D:3      | Reached XP level 5. HP: 45/45 MP: 4/4
  2821 | D:4      | Noticed a lemure
  2822 | D:4      | Noticed a lemure
  2822 | D:4      | Noticed a lemure
  2823 | D:4      | Noticed a lemure
  2824 | D:4      | Noticed Pikel
  2833 | D:4      | HP: 2/45 [lemure[Pikel] (1)]
  2833 | D:4      | Slain by a lemure

Illustrated notes

Levels and vault maps discovered:
D:1:      evilmike_arrival_rings, layout_rooms
D:2:      layout_basic, minmay_indecisive_spiral
D:3:      layout_basic, general_overflow_altar, gammafunk_ghost_grave,
          hellmonk_ecumenical_altar_pennies_from_heaven
D:4:      layout_loops_ring, grunt_ministairs_11, uniq_pikel

Skill      XL: |  1  2  3  4 |
---------------+-------------+-----
Axes           | 4 5 |  5.6
Dodging        | 4 |  4.1
Fighting       | 3 |  3.1
Armour         | 1 |  1.4
Throwing       | |  2.0
Stealth        | |  0.2

Action                   |  1- 3 |  4- 6 || total
-------------------------+-------+-------++-------
Melee: War axe           |    68 |    56 ||   124
       Headbutt          |     9 |     5 ||    14
Armor: Leather armour    |    24 |    22 ||    46
Dodge: Dodged            |    48 |    44 ||    92
